 Dungeon Crawl Stone Soup version 0.25.1-2-g60ff931df9 (webtiles) character file.

Game seed: 2100085370952881210

66061 gruber the Arsonist (level 15, 0/81 HPs)
             Began as an Octopode Venom Mage on Dec 1, 2020.
             Was a High Priest of Vehumet.
             Slain by a vampire knight
             ... wielding a +0 war axe
              (21 damage)
             ... on level 13 of the Dungeon.
             The game lasted 00:39:54 (24642 turns).

gruber the Arsonist (Octopode Venom Mage)          Turns: 24642, Time: 00:39:54

Health: 0/81       AC:  7    Str: 17    XL:     15   Next: 18%
Magic:  2/30       EV: 13    Int: 29    God:    Vehumet [*****.]
Gold:   795        SH:  5    Dex: 11    Spells: 8/36 levels left

rFire    + + .     SeeInvis +   U - +0 halberd of Arrival {venom, rPois rF+ Stlth-}
rCold    . . .     Gourm    .   (shield currently unavailable)
rNeg     + . .     Faith    .   B - +2 hat of Koluesut {+Fly Regen+ Int+3 Dex-3}
rPois    +         Spirit   .   W - amulet of Vanity {Reflect Str+7 Int-2 Dex+2 SH+5}
rElec    .         Reflect  +   l - +4 ring of protection
rCorr    +         Harm     .   J - ring of poison resistance
MR       ++...                  g - +6 ring of intelligence
Stlth    +++++.....             x - ring of resist corrosion
HPRegen  0.63/turn              Q - ring of see invisible
MPRegen  0.22/turn              V - ring "Nuclabeh" {rF+ rN+ MR+ SInv}
                                (no ring)
                                (no ring)

@: no status effects
A: almost no armour, stealthy swim, amphibious, 8 rings, constrict 8, camouflage
1, gelatinous body 1
a: Renounce Religion, Evoke Flight


You were on level 13 of the Dungeon.
You worshipped Vehumet.
Vehumet was extremely pleased with you.
You were very hungry.

You visited 4 branches of the dungeon, and saw 22 of its levels.
You also visited: Volcano.

You collected 2340 gold pieces.
You spent 1545 gold pieces at shops.

Inventory:

Hand Weapons
 S - a +1 lajatang of flaming
 U - the +0 halberd of Arrival (weapon) {venom, rPois rF+ Stlth-}
   (You bought it in a shop on level 2 of the Orcish Mines)

   It poisons the flesh of those it strikes.
   It protects you from fire.
   It protects you from poison.
   It makes you less stealthy.
Armour
 B - the +2 hat of Koluesut (worn) {+Fly Regen+ Int+3 Dex-3}
   (You found it on level 6 of the Lair of Beasts)

   It affects your intelligence (+3).
   It affects your dexterity (-3).
   It lets you fly.
   It increases your rate of regeneration.
Jewellery
 g - a +6 ring of intelligence (on tentacle)
 l - a +4 ring of protection (left tentacle)
 t - an uncursed amulet of magic regeneration
 w - an uncursed ring of ice
 x - a ring of resist corrosion (on tentacle)
 J - a ring of poison resistance (right tentacle)
 Q - a ring of see invisible (on tentacle)
 V - the ring "Nuclabeh" (on tentacle) {rF+ rN+ MR+ SInv}
   (You bought it in a shop on level 2 of the Orcish Mines)

   [ring of see invisible]

   It protects you from fire.
   It protects you from negative energy.
   It affects your resistance to hostile enchantments.
   It lets you see invisible.
 W - the amulet of Vanity (around mantle) {Reflect Str+7 Int-2 Dex+2 SH+5}
   (You bought it in a shop on level 2 of the Orcish Mines)

   [amulet of reflection]

   It shields you and reflects attacks.
   It affects your strength (+7).
   It affects your intelligence (-2).
   It affects your dexterity (+2).
   It affects your SH (+5).
Wands
 c - a wand of iceblast (26)
 n - a wand of flame (12)
 G - a wand of digging (8)
 I - a wand of disintegration (14)
 L - a wand of random effects (33)
 P - a wand of paralysis (13)
 R - a wand of acid (12)
Scrolls
 d - 6 scrolls of fog
 e - 4 scrolls of enchant armour {unknown}
 f - a scroll of acquirement {unknown}
 h - 6 scrolls of remove curse
 i - 5 scrolls of enchant weapon
 j - 6 scrolls of amnesia
 o - a scroll of noise {unknown}
 q - 7 scrolls of teleportation {unknown}
 v - 3 scrolls of blinking {unknown}
 y - 2 scrolls of immolation {unknown}
 C - 3 scrolls of fear {unknown}
 E - 3 scrolls of magic mapping {unknown}
 H - 2 scrolls of vulnerability {unknown}
 O - 2 scrolls of identify
 T - a scroll of random uselessness {unknown}
Potions
 a - 4 potions of flight
 k - 6 potions of heal wounds
 m - 3 potions of might
 p - a potion of ambrosia
 r - 2 potions of magic
 s - a potion of invisibility
 u - 2 potions of mutation
 z - 3 potions of resistance
 A - 3 potions of brilliance
 D - 4 potions of curing
 F - 2 potions of haste
 K - a potion of berserk rage
 M - 2 potions of stabbing
 N - a potion of lignification {unknown}
Comestibles
 b - 30 rations


   Skills:
 - Level 2.0 Staves
 - Level 2.0 Dodging
 - Level 11.1 Stealth
 - Level 11.0 Spellcasting
 - Level 10.3 Conjurations
 - Level 1.0 Transmutations
 - Level 13.0 Fire Magic
 * Level 11.1 Ice Magic
 - Level 3.0 Air Magic
 - Level 7.0 Earth Magic
 - Level 9.1 Poison Magic


You had 8 spell levels left.
You knew the following spells:

 Your Spells              Type           Power        Failure   Level  Hunger
a - Sting                 Tmut/Pois      ####         1%          1    None
b - Olgreb's Toxic Radia  Pois           ######..     1%          4    None
c - Mephitic Cloud        Conj/Pois/Air  ######..     1%          3    None
d - Ignite Poison         Fire/Tmut/Pois ######..     1%          3    None
e - Searing Ray           Conj           ######       1%          2    None
f - Bolt of Magma         Conj/Fire/Erth ######....   1%          5    ###....
g - Sticky Flame          Conj/Fire      ######..     1%          4    None
h - Ozocubu's Refrigerat  Ice            ######....   1%          6    #####..

Your spell library contained the following spells:

 Spells                   Type           Power        Failure   Level  Hunger
 Irradiate                Conj/Tmut      #####.....   2%          5    ###....
 Magic Dart               Conj           ####         1%          1    None
 Shock                    Conj/Air       ####         1%          1    None
 Poisonous Vapours        Pois/Air       ######       1%          2    None
 Dazzling Flash           Conj/Hex       #####.       1%          3    None
 Spider Form              Tmut/Pois      #####.....   1%          3    None
 Static Discharge         Conj/Air       ######..     1%          3    None
 Fulminant Prism          Conj/Hex       #####.....   1%          4    None
 Iskenderun's Mystic Bla  Conj/Tloc      #####...     1%          4    None
 Fireball                 Conj/Fire      ######....   1%          5    ###....
 Lightning Bolt           Conj/Air       ######....   1%          5    ###....
 Starburst                Conj/Fire      ######....   1%          6    #####..
 Swiftness                Chrm/Air       ###.....     2%          2    None
 Airstrike                Air            ####......   2%          4    None
 Apportation              Tloc           ###...       3%          1    None
 Summon Butterflies       Summ           ###.....     3%          1    None
 Lesser Beckoning         Tloc           ###.......   10%         3    None
 Tukima's Dance           Hex            ###.....     10%         3    None
 Alistair's Intoxication  Tmut/Pois      #####...     12%         5    ###....
 Invisibility             Hex            ###.....     99%         6    #####..


Dungeon Overview and Level Annotations

Branches:
Dungeon (13/15)            Temple (1/1) D:6            Lair (6/6) D:11
 Shoals (0/4) Lair:3        Snake (0/4) Lair:4        Slime (0/5) Lair:6
    Orc (2/2) D:9             Elf (0/3) Orc:2       Volcano (visited)
 Vaults: D:13-14

Altars:
Cheibriados
Dithmenos
Fedhas
Hepliaklqana
Qazlal
Sif Muna
Vehumet
Zin
Beogh
Jiyva

Shops:
Orc:2 =((%

Annotations:
Lair:6 exclusion: oklob plant


Innate Abilities, Weirdness & Mutations

You cannot wear most types of armour.
You are very stealthy in the water. (Stealth+)
You are amphibious.
You can wear up to eight rings at the same time.
You can use your tentacles to constrict eight enemies at once.
Your skin changes colour to match your surroundings (Stealth+).
Your rubbery body absorbs attacks. (AC +1, EV +1)


Message History

Unknown command.
Unknown command.
As you read the scroll labeled FILUTE RYER, it crumbles to dust.
The scroll dissolves into smoke.
It was a scroll of fog.
The vampire knight burns!
The vampire knight hits you with a +0 war axe!
The vampire knight bites you.
The vampire knight draws strength from your injuries!
The vampire knight hits you with a +0 war axe.
The vampire knight bites you!
* * * LOW HITPOINT WARNING * * *
The vampire knight draws strength from your injuries!
Unknown command.
Unknown command.
Unknown command.
The vampire knight burns!
The vampire knight stops burning.
As you read the scroll labeled ROTYOVVO DEPRO, it crumbles to dust.
You feel blessed for a moment.
It was a scroll of remove curse.
The vampire knight hits you with a +0 war axe!!
You die...

##.##.##.....[.# #.#
##.##.#........# #.#
......#..##.#..#####.#
##...................#########
######..#.#........###......#
#..#.....####.###.####.#
#.[^.....###...##.####.####
#..###.#.##.....#....#.##..
#.[...§#§#@..........#.##.#
##.#..§§§V§..........#.##.#
#.#...#§#§..[.........##.#
#.#...#§##)............(.#
#.....§V###...#.#)..######
###...### ##.##.#...# ### #...#
#........######
....######...#########...#.##....
#...V..<..........##.###.##....


You could see a vampire knight (fast).

Vanquished Creatures
  An orc warlord (Orc:2)
  A vampire knight (D:13)
  Josephine (Orc:2)
  8 hydras
  A catoblepas (Lair:6)
  5 two-headed ogres
  4 death yaks (Lair:6)
  A deep troll shaman (Lair:6)
  An unseen horror (D:10)
  3 lindwurms
  2 orc sorcerers (Orc:2)
  8 orc knights
  An ugly thing (D:11)
  2 cyclopes
  A manticore (D:11)
  4 elephants (Lair:6)
  A toenail golem (Volcano)
  2 black mambas
  3 molten gargoyles (Volcano)
  A gargoyle (D:12)
  9 spiny frogs
  6 rime drakes
  An efreet (Volcano)
  7 komodo dragons
  A queen bee (D:8)
  3 polar bears (Lair:6)
  A hornet (Lair:5)
  A tyrant leech (D:13)
  5 trolls
  6 slime creatures (D:12)
  11 dream sheep
  8 hippogriffs
  8 blink frogs
  5 wraiths (Orc:2)
  2 vampires
  32 yaks
  8 wyverns
  A hungry ghost (D:7)
  5 basilisks
  Grum (D:9)
  6 wargs
  Edmund (D:4)
  Menkaure (D:5)
  An acid dragon (D:11)
  A soldier ant (D:12)
  6 water moccasins
  Purgy (D:4)
  7 porcupines
  2 black bears
  5 phantoms
  A sky beast (D:11)
  2 eyes of draining
  44 orc warriors
  2 ice beasts
  11 ogres
  4 boggarts (D:12)
  25 wolves
  13 crocodiles
  3 centaurs
  9 bullfrogs
  A big kobold (D:7)
  2 earth elementals (Volcano)
  A water moccasin zombie (D:9)
  6 scorpions
  A wyvern skeleton (D:8)
  23 killer bees
  An electric eel (Lair:3)
  7 howler monkeys
  3 crimson imps
  A quasit (D:10)
  3 centaur zombies
  3 jellies
  7 hounds
  17 orc priests
  A bullfrog skeleton (D:13)
  3 centaur skeletons
  Terence (D:2)
  An iguana (D:8)
  15 orc wizards
  8 worker ants
  3 hound skeletons
  2 howler monkey zombies
  2 worker ant zombies
  11 adders
  12 gnolls
  4 shadow imps
  An ooze (D:2)
  6 dart slugs
  8 leopard geckos
  54 orcs
  3 ball pythons
  6 giant cockroaches
  7 goblins
  7 hobgoblins
  11 jackals (D:4)
  2 quokkas
  13 bats
  2 frilled lizards
  A jackal zombie (D:5)
  16 kobolds
  A quokka zombie (D:5)
  5 rats
  A plant (Lair:4)
600 creatures vanquished.

Vanquished Creatures (others)
  A rat (D:3)
  2 fungi
  3 plants
6 creatures vanquished.

Grand Total: 606 creatures vanquished

Notes
Turn   | Place    | Note
-------+----------+-------------------------------------------
     0 | D:1      | gruber the Octopode Venom Mage began the quest for the Orb.
     0 | D:1      | Reached XP level 1. HP: 11/11 MP: 3/3
   347 | D:1      | Reached XP level 2. HP: 5/17 MP: 0/5
   867 | D:1      | Reached XP level 3. HP: 11/21 MP: 1/6
  1343 | D:2      | Noticed Terence
  1365 | D:2      | Killed Terence
  1365 | D:2      | Reached skill level 5 in Poison Magic
  1365 | D:2      | Reached XP level 4. HP: 23/27 MP: 4/8
  1623 | D:2      | Learned a level 4 spell: Olgreb's Toxic Radiance
  1627 | D:2      | Learned a level 3 spell: Mephitic Cloud
  2097 | D:3      | Reached XP level 5. HP: 18/31 MP: 5/9
  2869 | D:4      | Reached XP level 6. HP: 22/36 MP: 0/11
  3116 | D:4      | Found a stormy altar of Qazlal.
  3117 | D:4      | Found a hazy altar of Hepliaklqana.
  3631 | D:4      | Reached XP level 7. HP: 40/41 MP: 1/13
  3989 | D:4      | Noticed Purgy
  4031 | D:4      | Learned a level 3 spell: Ignite Poison
  4076 | D:4      | Killed Purgy
  4076 | D:4      | Reached skill level 5 in Spellcasting
  4280 | D:4      | Noticed Edmund
  4291 | D:4      | Killed Edmund
  4557 | D:5      | Entered Level 5 of the Dungeon
  4597 | D:5      | Reached XP level 8. HP: 46/46 MP: 12/16
  5076 | D:5      | Reached skill level 1 in Conjurations
  5102 | D:5      | Reached skill level 1 in Fire Magic
  5102 | D:5      | Reached skill level 1 in Air Magic
  5126 | D:5      | Noticed Menkaure
  5130 | D:5      | Killed Menkaure
  5353 | D:5      | Reached skill level 2 in Fire Magic
  5623 | D:6      | Reached skill level 3 in Fire Magic
  5651 | D:6      | Found a staircase to the Ecumenical Temple.
  5686 | D:6      | Reached skill level 4 in Fire Magic
  5691 | Temple   | Entered the Ecumenical Temple
  5777 | Temple   | Became a worshipper of Vehumet
  5848 | D:6      | Reached XP level 9. HP: 48/51 MP: 9/18
  6596 | D:7      | Reached skill level 5 in Fire Magic
  6942 | D:7      | Learned a level 2 spell: Searing Ray
  7052 | D:8      | Noticed a two-headed ogre
  7057 | D:8      | Killed a two-headed ogre
  7133 | D:8      | Reached * piety under Vehumet
  7133 | D:8      | Offered knowledge of Foxfire by Vehumet.
  7234 | D:8      | Reached skill level 10 in Stealth
  7237 | D:8      | Reached XP level 10. HP: 56/56 MP: 4/19
  7596 | D:8      | You fall into a shaft and drop 2 floors!
  7596 | D:10     | Entered Level 10 of the Dungeon
  7768 | D:9      | Noticed Grum
  7772 | D:9      | Killed Grum
  7849 | D:9      | Found a staircase to the Orcish Mines.
  7866 | D:9      | Offered knowledge of Shock by Vehumet.
  8065 | D:9      | Noticed a two-headed ogre
  8068 | D:9      | Killed a two-headed ogre
  8394 | D:9      | Reached ** piety under Vehumet
  8397 | D:9      | Reached XP level 11. HP: 57/61 MP: 5/24
  8462 | D:9      | Found a shimmering blue altar of Sif Muna.
  8464 | D:9      | Found a glowing silver altar of Zin.
  8672 | D:8      | Reached skill level 10 in Spellcasting
  8778 | D:8      | Noticed a two-headed ogre
  8782 | D:8      | Killed a two-headed ogre
  8816 | D:8      | Noticed a skeletal warrior
 10048 | D:10     | Identified the Guide on Changing and the Volcanoes
 10081 | D:10     | Learned a level 5 spell: Bolt of Magma
 10499 | D:10     | Killed an unseen horror
 10819 | D:11     | Noticed a manticore
 10822 | D:11     | Killed a manticore
 10822 | D:11     | Reached skill level 5 in Conjurations
 10825 | D:11     | Noticed a green ugly thing
 10850 | D:11     | Killed a green ugly thing
 11203 | D:11     | Noticed a cyclops
 11205 | D:11     | Killed a cyclops
 11264 | D:11     | Found a staircase to the Lair.
 11407 | D:11     | Offered knowledge of Conjure Flame by Vehumet.
 11608 | Lair:1   | Entered Level 1 of the Lair of Beasts
 11618 | Lair:1   | HP: 2/61 [blink frog (14)]
 11619 | Lair:1   | Reached XP level 12. HP: 2/66 MP: 10/27
 12035 | Lair:1   | Reached *** piety under Vehumet
 12035 | Lair:1   | Reached skill level 1 in Earth Magic
 13013 | Lair:2   | Reached skill level 5 in Earth Magic
 13909 | Lair:3   | Offered knowledge of Sticky Flame by Vehumet.
 14163 | Lair:3   | Found a staircase to the Shoals.
 14248 | Lair:3   | Learned a level 4 spell: Sticky Flame
 14391 | Lair:3   | Reached skill level 6 in Fire Magic
 14775 | Lair:3   | Reached skill level 7 in Fire Magic
 15139 | Lair:4   | Reached skill level 8 in Fire Magic
 15477 | Lair:4   | Found a staircase to the Snake Pit.
 15503 | Lair:4   | Reached **** piety under Vehumet
 15833 | Lair:4   | Noticed an eight-headed hydra
 15833 | Lair:4   | Reached skill level 9 in Fire Magic
 15833 | Lair:4   | Offered knowledge of Airstrike by Vehumet.
 15839 | Lair:4   | Reached XP level 13. HP: 71/71 MP: 16/28
 15852 | Lair:4   | Reached skill level 10 in Fire Magic
 16393 | Lair:5   | Reached skill level 11 in Fire Magic
 16404 | Lair:5   | Got an ichor-stained trident
 16405 | Lair:5   | Identified the +4 trident "Foipter" {vorpal, *Corrode rElec
                  | rPois MP+9} (You found it on level 5 of the Lair of Beasts)
 17349 | Lair:5   | Reached skill level 12 in Fire Magic
 17632 | Lair:6   | Entered Level 6 of the Lair of Beasts
 17641 | Lair:6   | Got an ancient hat
 17895 | Lair:5   | HP: 3/71 [poisoned by a spiny frog]
 17902 | Lair:5   | HP: 3/71 [poisoned by a spiny frog]
 17910 | Lair:5   | HP: 2/71 [poisoned by a spiny frog]
 18326 | Lair:6   | Reached skill level 13 in Fire Magic
 18389 | Lair:6   | Found a viscous altar of Jiyva.
 18390 | Lair:6   | Found a staircase to the Slime Pits.
 18852 | Lair:6   | Identified the +2 hat of Koluesut {+Fly Regen+ Int+3 Dex-3}
                  | (You found it on level 6 of the Lair of Beasts)
 18922 | Lair:6   | Reached ***** piety under Vehumet
 18961 | Lair:6   | Reached XP level 14. HP: 76/76 MP: 19/29
 19249 | Lair:6   | Offered knowledge of Ozocubu's Refrigeration by Vehumet.
 19259 | Lair:6   | Reached skill level 10 in Conjurations
 19411 | Lair:6   | Learned a level 6 spell: Ozocubu's Refrigeration
 19459 | Lair:6   | Reached skill level 1 in Ice Magic
 19966 | Orc:1    | Entered Level 1 of the Orcish Mines
 20250 | Orc:1    | Reached skill level 5 in Ice Magic
 20333 | Orc:2    | Entered Level 2 of the Orcish Mines
 20490 | Orc:2    | Noticed Josephine
 20495 | Orc:2    | Killed Josephine
 20571 | Orc:2    | Found a dark tunnel.
 20579 | Volcano  | Entered a volcano
 21178 | Orc:2    | Paralysed by an orc sorcerer for 2 turns
 21210 | Orc:2    | Found a staircase to the Elven Halls.
 21230 | Orc:2    | Noticed an orc warlord
 21240 | Orc:2    | Killed an orc warlord
 21451 | Orc:2    | Offered knowledge of Conjure Ball Lightning by Vehumet.
 21610 | Orc:2    | Found Zirhes's Antique Weapon Emporium.
 21610 | Orc:2    | Found Cinaqol's Jewellery Boutique.
 21616 | Orc:2    | Reached skill level 1 in Staves
 21809 | Orc:2    | Found a roughly hewn altar of Beogh.
 21824 | Orc:2    | Bought a steaming halberd for 279 gold pieces
 21835 | Orc:2    | Bought the ring "Nuclabeh" {rF+ rN+ MR+ SInv} for 543 gold
                  | pieces
 21835 | Orc:2    | Bought the amulet of Vanity {Reflect Str+7 Int-2 Dex+2
                  | SH+5} for 723 gold pieces
 21838 | Orc:2    | Identified the +0 halberd of Arrival {venom, rPois rF+
                  | Stlth-} (You bought it in a shop on level 2 of the Orcish
                  | Mines)
 21970 | Orc:2    | Found Dimame's Food Emporium.
 21970 | Orc:2    | Found Ovizareh's Weapon Boutique.
 22798 | D:12     | Reached skill level 10 in Ice Magic
 22798 | D:12     | Reached XP level 15. HP: 81/81 MP: 23/30
 24429 | D:13     | Offered knowledge of Irradiate by Vehumet.
 24642 | D:13     | Slain by a vampire knight

Illustrated notes

Levels and vault maps discovered:
D:1:      dpeg_arrival_rooms_a, layout_rooms, kennysheep_nondescript
D:2:      layout_rooms, minivault_23, uniq_terence
D:3:      layout_loops_ring
D:4:      layout_layer_cave, chequers_temple_overflow_statue_of_worship,
          uniq_edmund, uniq_purgy
D:5:      layout_loops_ring, first_ration, uniq_menkaure
D:6:      layout_cave_pools, minmay_temple_entry_statues_pillars
D:7:      layout_cave_pools
D:8:      layout_rooms, david_nohive_1, minmay_small_thing
D:9:      layout_irregular_city, minitemple, david_orc_3, uniq_grum
D:10:     layout_loops_ring, chequers_avenue
D:11:     layout_rooms, lair_entry_dummy
D:12:     layout_basic
D:13:     layout_loops_cross, minmay_guarded_unrand_vampires_tooth, uniq_azrael,
          uniq_sonja
Temple:   dpeg_five_rooms_temple
Lair:1:   layout_regular_city
Lair:2:   layout_roguey, chequers_serial_rivers_micro_e,
          cheibrodos_lair_caveside_slide
Lair:3:   layout_cave_pods, elwin_shoals_entry_rocks,
          nicolae_quartered_pool_medium
Lair:4:   layout_loops_ring, dummy_snake_entry, special_room
          [special_room_mythical_zoo], grunt_megastairs_3
Lair:5:   cheibrodos_lair_overgrown_chateau, layout_gridlike,
          minmay_stone_trees_small
Lair:6:   grunt_lair_end_beastmaster, layout_cellular_growth,
          dpeg_slime_entry_enclosed_altar
Orc:1:    layout_caves
Orc:2:    st_orc_town, layout_diamond_mine, lightli_volcano_entry_magma_tube,
          gauntlet_entry_generic, guppyfry_library_mini, uniq_josephine

Skill      XL: |  1  2  3  4  5  6  7  8  9 10 11 12 13 14 15 |
---------------+----------------------------------------------+-----
Poison Magic   | 4 5 6 7 8 9 |  9.1
Spellcasting   | 3 4 5 6 9 11 | 11.0
Conjurations   | 2 3 8 9 10 | 10.3
Fire Magic     | 4 5 9 13 | 13.0
Air Magic      | 2 3 |  3.0
Stealth        | 10 11 | 11.1
Earth Magic    | 7 |  7.0
Ice Magic      | 10 11 | 11.1
Staves         | 2 |  2.0
Dodging        | |  2.0
Transmutations | |  1.0

Action                   |  1- 3 |  4- 6 |  7- 9 | 10-12 | 13-15 || total
-------------------------+-------+-------+-------+-------+-------++-------
Melee: Unarmed           |    31 |       |       |       |       ||    31
       Constrict         |    17 |    19 |    22 |    16 |    11 ||    85
       Tentacles         |     5 |     6 |    16 |    17 |     6 ||    50
       Short sword       |    24 |    78 |    78 |    78 |    12 ||   270
       Lajatang          |       |       |       |       |    14 ||    14
       Halberd           |       |       |       |       |    27 ||    27
 Cast: Sting             |    16 |    10 |       |       |       ||    26
       Olgreb's Toxic Ra |       |    11 |    43 |   102 |   138 ||   294
       Mephitic Cloud    |       |       |    10 |    10 |    14 ||    34
       Ignite Poison     |       |       |    23 |    86 |   133 ||   242
       Searing Ray       |       |       |     5 |    31 |     9 ||    45
       Bolt of Magma     |       |       |       |    20 |   105 ||   125
       Sticky Flame      |       |       |       |       |     2 ||     2
Evoke: Wand              |       |       |       |     3 |     1 ||     4
  Use: Scroll            |       |       |       |       |    23 ||    23
 Stab: Sleeping          |     4 |    10 |     6 |     2 |     4 ||    26
  Eat: Chunk             |     1 |     9 |    19 |    32 |    27 ||    88
       Ration            |       |       |       |     1 |     2 ||     3
Armor: Skin              |    10 |    17 |    25 |    22 |    12 ||    86
Dodge: Dodged            |    43 |    63 |    60 |   106 |    69 ||   341
Block: Other             |       |       |       |       |     6 ||     6
